 Dungeon Crawl Stone Soup version 0.30-a0-476-g330ca2eb8e (webtiles) character file.

Game seed: 9093708763732528460

810 funkygono the Firebug (level 7, -7/47 HPs)
             Began as a Demonspawn Fire Elementalist on Dec 21, 2022.
             Mangled by an orc warrior
             ... wielding a +0 long sword
              (11 damage)
             ... on level 5 of the Dungeon.
             The game lasted 00:10:59 (5560 turns).

funkygono the Firebug (DsFE)                        Turns: 5560, Time: 00:10:59

Health: -7/47      AC:  5    Str: 10    XL:     7   Next: 61%
Magic:  5/13       EV: 12    Int: 16    God:
Gold:   275        SH: 10    Dex: 18    Spells: 7/14 levels left

rFire   + . .      SeeInvis .    f - +9 staff of Wucad Mu {*channel}
rCold   . . .      Faith    .    (no shield)
rNeg    . . .      Spirit   .    t - +1 leather armour of Cowardice {Dex+4}
rPois   .          Reflect  .    (no helmet)
rElec   .          Harm     .    (no cloak)
rCorr   .          Rampage  .    (no gloves)
Will    .....                    w - +0 pair of boots
Stlth   ++........               (no amulet)
HPRegen 0.27/turn                C - ring of protection from fire
MPRegen 0.13/turn                (no ring)

@: no status effects
A: large bone plates 2, powered by death 1, condensation shield
a: no special abilities


You were on level 5 of the Dungeon.
You visited 1 branch of the dungeon, and saw 6 of its levels.

You collected 275 gold pieces.

Inventory:

Hand Weapons
 c - a +2 dagger of draining
 f - the +9 staff of Wucad Mu (weapon) {*channel}
   (You acquired it on level 5 of the Dungeon)

   It occasionally powers its wielder's spells, but with a chance of causing
   confusion or draining the wielder's intelligence.
   It becomes more likely to activate and less likely to backfire with increased
   Evocations skill.
 o - a +0 flail of protection
 D - a +0 long sword
Armour
 a - a +0 robe
 q - a +0 leather armour
 t - the +1 leather armour of Cowardice (worn) {Dex+4}
   (You found it on level 3 of the Dungeon)

   Dex:       It affects your dexterity (+4).
 w - a +0 pair of boots (worn)
Magical Staves
 u - a staff of poison
Jewellery
 C - a ring of protection from fire (left hand)
Wands
 r - a wand of flame (30)
Scrolls
 l - 2 scrolls of fog
 n - a scroll of magic mapping
 p - a scroll of silence
 x - a scroll of teleportation
 y - a scroll of fear
 z - a scroll of immolation
Potions
 b - a potion of magic
 d - 4 potions of heal wounds
 e - 3 potions of curing
 h - a potion of brilliance
 i - 4 potions of berserk rage
 k - a potion of invisibility
 m - a potion of cancellation {unknown}
 s - 3 potions of attraction
 v - a potion of ambrosia {unknown}
 B - a potion of haste {unknown}


   Skills:
 * Level 0.7 Fighting
 + Level 1.4 Short Blades
 + Level 1.8 Armour
 + Level 2.6 Dodging
 - Level 1.7 Stealth
 + Level 1.3 Shields
 + Level 4.2 Spellcasting
 * Level 3.5 Conjurations
 + Level 5.1 Fire Magic


You had 7 spell levels left.
You knew the following spells:

 Your Spells              Type           Power      Damage    Failure   Level
a - Foxfire               Conj/Fire      68%        2x1d7     3%          1
b - Scorch                Fire           40%        2d7       3%          2
c - Flame Wave            Conj/Fire      17%        2d7       34%         4

Your spell library contained the following spells:

 Spells                   Type           Power      Damage    Failure   Level
 Magic Dart               Conj           56%        1d5       4%          1
 Inner Flame              Hex/Fire       11%        N/A       22%         3
 Call Imp                 Summ           3%         N/A       32%         2
 Ensorcelled Hibernation  Hex/Ice        6%         N/A       32%         2
 Passwall                 Tmut/Erth      2%         N/A       32%         2
 Kindle Blastsparks       Fire/Tloc/Air  16%        2d11      32%         3
 Mephitic Cloud           Conj/Pois/Air  7%         N/A       38%         3
 Summon Guardian Golem    Hex/Summ       3%         N/A       54%         3
 Swiftness                Air            3%         N/A       54%         3
 Orb of Destruction       Conj           7%         9d6       100%        7
 Spellforged Servitor     Conj/Summ      4%         N/A       100%        7


Dungeon Overview and Level Annotations

Branches:
Dungeon (6/15)
 Temple: D:4-7

Altars:
Dithmenos
Nemelex Xobeh

Shops:
D:4 (   D:6 :


Innate Abilities, Weirdness & Mutations

You are mostly covered in large bone plates. (SH +6)
You regenerate a little health from kills.
A meltable shield of frost defends you. (SH +4)


Message History

Confirm with . or Enter, or press ? or * to list all spells.
You conjure some foxfire!
You block the adder's attack.
Unknown command.
The adder attacks as you move away! The adder barely misses you.
The foxfire hits the adder.
You kill the adder!
The foxfire hits the orc warrior but does no damage.
The orc warrior is lightly wounded.
Casting: Foxfire (safe; 3% risk of failure)
Confirm with . or Enter, or press ? or * to list all spells.
Flames lash the orc warrior.
The orc warrior is moderately wounded.
The orc warrior's fire resistance burns away.
Unknown command.
The orc warrior attacks as you move away!
You block the orc warrior's attack.
The orc warrior attacks as you move away!
The orc warrior misses you.
The orc warrior is no longer more vulnerable to fire.
The orc warrior attacks as you move away!
The orc warrior hits you with a +0 long sword!
* * * LOW HITPOINT WARNING * * *
The orc warrior attacks as you move away!
The orc warrior completely misses you.
There is a stone staircase leading up here.
The orc warrior closely misses you.
You climb upwards.
There is a stone staircase leading down here.
You barely miss the orc warrior.
The orc warrior is moderately wounded.
You block the orc warrior's attack.
You closely miss the orc warrior.
The orc warrior is moderately wounded.
The orc warrior hits you with a +0 long sword.
* * * LOW HITPOINT WARNING * * *
Casting: Scorch (safe; 3% risk of failure)
Confirm with . or Enter, or press ? or * to list all spells.
You conjure some foxfire!
The orc warrior hits you with a +0 long sword!
You die...

# #)......##....# #..# #
#..####.##....# #... #
##.####.##....# #... #
#.#....##....#######
#................#
########.#.####.#.......#
#.[...........#.#.......#
####.#######v>#.##.#.......#
####.[.......#..@o....#.......#
..##.........#...v....#.......#
..##.........#.......##########
..##.........#.......#
..##...))....###'#####
..##.........# #.#
..#####)########'#####
...).)).# #.......# ..#######
#.......#


You could see an orc warrior (ally target).

Vanquished Creatures
  An ice beast (D:5)
  A bullfrog (D:4)
  2 scorpions (D:5)
  3 hounds
  A gnoll bouda (D:5)
  An orc priest (D:3)
  2 iguanas (D:5)
  An orc wizard (D:4)
  Terence (D:2)
  Natasha (thrice) (D:3)
  6 adders
  5 gnolls (D:5)
  2 white imps
  3 dart slugs
  16 orcs
  2 bats (D:1)
  8 endoplasms
  3 giant cockroaches
  3 goblins
  8 hobgoblins
  7 quokkas
  4 ball pythons
  3 frilled lizards
  7 kobolds
  9 rats
102 creatures vanquished.

Vanquished Creatures (others)
  228 foxfires
  7 plants (D:1)
235 creatures vanquished.

Grand Total: 337 creatures vanquished

Notes
Turn   | Place    | Note
-------+----------+-------------------------------------------
     0 | D:1      | funkygono the Demonspawn Fire Elementalist began the quest
                  | for the Orb.
     0 | D:1      | Reached XP level 1. HP: 13/13 MP: 3/3
    64 | D:1      | Reached skill level 3 in Fire Magic
   119 | D:1      | Gained mutation: You regenerate a little health from kills.
                  | [demonic ancestry]
   119 | D:1      | Reached XP level 2. HP: 19/19 MP: 1/5
   193 | D:1      | Learned a level 2 spell: Scorch
   699 | D:1      | Found a faded altar of an unknown god.
   854 | D:2      | Gained mutation: A meltable shield of frost defends you.
                  | (SH +4) [demonic ancestry]
   854 | D:2      | Reached XP level 3. HP: 21/24 MP: 4/6
  1293 | D:2      | Gained mutation: You are partially covered in large bone
                  | plates. (SH +4) [demonic ancestry]
  1293 | D:2      | Reached XP level 4. HP: 28/30 MP: 2/7
  1421 | D:2      | Noticed Terence
  1445 | D:2      | Killed Terence
  1737 | D:2      | Learned a level 4 spell: Flame Wave
  1956 | D:3      | Noticed Natasha
  1967 | D:3      | Killed Natasha
  1968 | D:3      | Gained mutation: You are mostly covered in large bone
                  | plates. (SH +6) [demonic ancestry]
  1968 | D:3      | Reached XP level 5. HP: 35/35 MP: 1/9
  2185 | D:3      | Noticed Natasha
  2192 | D:3      | Killed Natasha
  2193 | D:3      | Reached skill level 4 in Fire Magic
  2202 | D:3      | Noticed Natasha
  2216 | D:3      | Killed Natasha
  2371 | D:3      | Identified the +1 leather armour of Cowardice {Dex+4}
  2450 | D:3      | Found a shadowy altar of Dithmenos.
  2488 | D:3      | Reached skill level 1 in Short Blades
  3236 | D:4      | Found a sparkling altar of Nemelex Xobeh.
  3298 | D:4      | Reached skill level 1 in Armour
  3306 | D:4      | Reached XP level 6. HP: 42/42 MP: 5/10
  3885 | D:4      | Reached skill level 1 in Shields
  4131 | D:4      | Found Peucvuic's Antique Weapon Shop.
  4209 | D:5      | Entered Level 5 of the Dungeon
  4298 | D:5      | Noticed an ice beast
  4303 | D:5      | Killed an ice beast
  4304 | D:5      | Reached XP level 7. HP: 47/47 MP: 5/12
  4782 | D:5      | Reached skill level 5 in Fire Magic
  5403 | D:5      | Identified a scroll of acquirement
  5403 | D:5      | Acquired the +9 staff of Wucad Mu {*channel}
  5403 | D:5      | Found the +9 staff of Wucad Mu {*channel}
  5494 | D:6      | Found Revupan's Self-Improvement Boutique.
  5560 | D:5      | Mangled by an orc warrior

Illustrated notes

Levels and vault maps discovered:
D:1:      scummos_arrival_simple_crosswalls, layout_loops_ring,
          shapermc_ecumenical_altar_mp_ritualfount
D:2:      minmay_evil_eye, layout_loops_ring, uniq_terence
D:3:      layout_loops_ring, general_overflow_altar, grunt_decor_one_mirror,
          hangedman_decor_points, nrook_mini_vaults, uniq_natasha
D:4:      layout_gridville, nicolae_overflow_crystal_walls, serial_shops,
          kennysheep_mini_moat
D:5:      layout_basic, due_unseen_surprise
D:6:      wad_river_or_something, layout_basic, nicolae_tso_besieged_by_evil,
          minmay_temple_entry_trees, serial_shops, nicolae_square_shop,
          nicolae_shop_self_help

Skill      XL: |  1  2  3  4  5  6  7 |
---------------+----------------------+-----
Fire Magic     | 3 4 5 |  5.1
Dodging        | 2 |  2.6
Conjurations   | 2 3 |  3.5
Short Blades   | 1 |  1.4
Spellcasting   | 3 4 |  4.2
Armour         | 1 |  1.8
Shields        | 1 |  1.3
Fighting       | |  0.7
Stealth        | |  1.7

Action                   |  1- 3 |  4- 6 |  7- 9 || total
-------------------------+-------+-------+-------++-------
Melee: Dagger            |    57 |    70 |    49 ||   176
       Staff             |       |       |     4 ||     4
       Punch             |       |       |     1 ||     1
 Cast: Foxfire           |    30 |    77 |    31 ||   138
       Scorch            |     1 |    13 |    12 ||    26
  Use: Scroll            |       |       |    15 ||    15
 Stab: Sleeping          |     3 |       |       ||     3
Armor: Robe              |     7 |       |       ||     7
       Leather armour    |       |     8 |     6 ||    14
Dodge: Dodged            |    32 |    25 |    35 ||    92
Block: Other             |     3 |    29 |    35 ||    67

Table legend: (Time is in decaauts)
 A = Elapsed time spent in this place.
 B = Non-inter-level travel time spent in this place.
 C = Inter-level travel time spent in this place.
 D = Time resting spent in this place.
 E = Time spent auto-exploring this place.
 F = Levels seen in this place.
 G = Mean time per level.
                   A        B        C        D        E       F      G
               +--------+--------+--------+--------+--------+-----+--------+
         Total |   5553 |   5354 |    199 |    132 |   3840 |   6 |  925.5 |
       Dungeon |   5553 |   5354 |    199 |    132 |   3840 |   6 |  925.5 |
               +--------+--------+--------+--------+--------+-----+--------+

Top non-repeatable levels by time:
     D:3: 1429 daAuts
     D:5: 1251 daAuts
     D:4: 1016 daAuts
     D:2: 939 daAuts
     D:1: 821 daAuts
     D:6: 95 daAuts
